 Dungeon Crawl Stone Soup version 0.28.0-43-g3370ac3207 (webtiles) character file.

Game seed: 10231016405266846360

185276 pkoi the Devastator (level 17, -7/119 HPs)
             Began as a White Draconian Conjurer on Mar 10, 2022.
             Was a High Priest of Sif Muna.
             Killed by an exploding ball lightning (8 damage)
             ... on level 3 of the Swamp on Mar 11, 2022.
             The game lasted 02:23:39 (58015 turns).

pkoi the Devastator (White Draconian Conjurer)     Turns: 58015, Time: 02:23:39

Health: -7/119     AC: 14    Str: 10    XL:     17   Next: 80%
Magic:  17/42      EV: 17    Int: 32    God:    Sif Muna [*****.]
Gold:   1556       SH:  0    Dex: 12    Spells: 2/40 levels left

rFire   . . .      SeeInvis .   U - staff of air
rCold   + . .      Faith    .   (no shield)
rNeg    . . .      Spirit   .   (armour unavailable)
rPois   .          Reflect  .   (helmet restricted)
rElec   +          Harm     .   n - +2 cloak
rCorr   .          Rampage  .   L - +0 pair of gloves
Will    +....                   P - +0 pair of boots
Stlth   ++........              F - amulet of regeneration
HPRegen 1.09/turn               a - ring of magical power
MPRegen 0.28/turn               Q - ring "Qynnodgh" {+Blink Int+6 Dex+2 Stlth+}

@: lethally poisoned (-7 -> -39), studying Crossbows, very slow
A: breathe frost, AC +9, unfitting armour, cold resistance 1, cold-blooded
a: Breathe Frost, Renounce Religion, Evoke Blink, Channel Magic, Forget Spell,
Divine Exegesis


You were on level 3 of the Swamp.
You worshipped Sif Muna.
Sif Muna was extremely pleased with you.
You visited 7 branches of the dungeon, and saw 32 of its levels.
You also visited: Ossuary, Ice Cave and Volcano.

You collected 3270 gold pieces.
You spent 1714 gold pieces at shops.

Inventory:

Hand Weapons
 c - a +1 dagger of venom
 S - the +11 hand axe of the Nexus {elec, *Noise rPois rCorr Dex+2}
   (You bought it in a shop on level 2 of the Orcish Mines)

   It occasionally discharges a powerful burst of electricity upon striking a
   foe.
   Dex:       It affects your dexterity (+2).
   rPois:     It protects you from poison.
   *Noise:    It may make noises in combat.
   rCorr:     It protects you from acid and corrosion.
Missiles
 m - 13 curare-tipped darts
 D - 2 throwing nets
Armour
 n - a +2 cloak (worn)
 L - a +0 pair of gloves (worn)
 P - a +0 pair of boots (worn)
Magical Staves
 g - a staff of conjuration
 U - a staff of air (weapon)
Jewellery
 a - a ring of magical power (left hand)
 l - a ring of protection from cold
 u - a ring of flight
 A - an amulet of magic regeneration
 F - an amulet of regeneration (around neck)
 K - a ring of resist corrosion
 Q - the ring "Qynnodgh" (right hand) {+Blink Int+6 Dex+2 Stlth+}
   (You found it on level 6 of the Lair of Beasts)

   [ring of intelligence]

   Int:       It affects your intelligence (+6).
   Dex:       It affects your dexterity (+2).
   +Blink:    It lets you blink.
   Stlth:     It makes you more stealthy.
 T - a ring of positive energy
 V - a ring of see invisible
 W - an amulet of reflection
Wands
 e - a wand of flame (10)
 h - a wand of mindburst (4)
 t - a wand of paralysis (19)
 w - a wand of polymorph (14)
 E - a wand of iceblast (48)
 O - a wand of acid (12)
Scrolls
 d - 3 scrolls of fear
 p - 2 scrolls of brand weapon
 q - 7 scrolls of magic mapping
 s - 7 scrolls of fog
 y - 7 scrolls of blinking
 z - 3 scrolls of enchant weapon
 C - a scroll of holy word
 H - 5 scrolls of silence
 I - 6 scrolls of teleportation
 J - 3 scrolls of amnesia
 N - 2 scrolls of summoning
 R - 3 scrolls of enchant armour
Potions
 b - 8 potions of curing
 f - 5 potions of might
 i - a potion of magic
 j - 2 potions of cancellation
 k - 4 potions of haste
 o - 5 potions of flight
 r - 9 potions of ambrosia
 v - 2 potions of berserk rage
 x - 3 potions of heal wounds
 B - 2 potions of invisibility
 G - 5 potions of brilliance
 M - a potion of resistance


   Skills:
 - Level 3.0 Fighting
 - Level 12.0 Dodging
 - Level 3.0 Stealth
 - Level 12.0 Spellcasting
 - Level 16.0 Conjurations
 - Level 9.0 Hexes
 - Level 9.0 Necromancy
 - Level 6.0 Translocations
 + Level 12.7 Air Magic
 - Level 9.0 Earth Magic
 - Level 9.5 Invocations
 - Level 6.0 Evocations


You had 2 spell levels left.
You knew the following spells:

 Your Spells              Type           Power      Damage    Failure   Level
a - Magic Dart            Conj           100%       1d8       0%          1
b - Searing Ray           Conj           100%       2d8       0%          2
c - Fulminant Prism       Conj/Hex       39%        3d18      1%          4
d - Iskenderun's Battles  Conj           88%        2d14      1%          5
e - Iskenderun's Mystic   Conj/Tloc      74%        2d15      1%          4
f - Swiftness             Air            100%       N/A       1%          3
g - Borgnjor's Vile Clut  Necr/Erth      33%        N/A       1%          5
h - Apportation           Tloc           100%       N/A       1%          1
i - Orb of Destruction    Conj           44%        9d12      3%          7
j - Conjure Ball Lightni  Conj/Air       52%        3x3d18    1%          6

Your spell library contained the following spells:

 Spells                   Type           Power      Damage    Failure   Level
 Shock                    Conj/Air       100%       1d9       0%          1
 Static Discharge         Conj/Air       100%       N/A       0%          2
 Animate Skeleton         Necr           100%       N/A       1%          1
 Sandblast                Erth           100%       2d20      1%          1
 Ensorcelled Hibernation  Hex/Ice        96%        N/A       1%          2
 Passwall                 Tmut/Erth      40%        N/A       1%          2
 Beastly Appendage        Tmut           38%        N/A       2%          1
 Sting                    Tmut/Pois      76%        1d6       2%          1
 Call Imp                 Summ           19%        N/A       3%          2
 Wereblood                Tmut           19%        N/A       3%          2
 Conjure Flame            Conj/Fire      63%        6-21      1%          3
 Dazzling Flash           Conj/Hex       100%       N/A       1%          3
 Gell's Gravitas          Tloc           55%        N/A       1%          3
 Inner Flame              Hex/Fire       48%        N/A       1%          3
 Mephitic Cloud           Conj/Pois/Air  88%        N/A       1%          3
 Stone Arrow              Conj/Erth      100%       3d13      1%          3
 Teleport Other           Tloc           55%        N/A       1%          3
 Animate Dead             Necr           33%        N/A       1%          4
 Dispel Undead            Necr           67%        3d23      1%          4
 Hailstorm                Conj/Ice       63%        3d13      1%          4
 Freezing Cloud           Conj/Ice/Air   44%        6-21      1%          5
 Lee's Rapid Deconstruct  Erth           33%        3d18*     1%          5
 Lightning Bolt           Conj/Air       52%        1d74      1%          5
 Silence                  Hex/Air        46%        N/A       1%          5
 Fireball                 Conj/Fire      31%        3d13      2%          5
 Irradiate                Conj/Tmut      31%        3d24      2%          5
 Iron Shot                Conj/Erth      39%        9d8       2%          6
 Ignite Poison            Fire/Tmut/Pois 19%        N/A       8%          3
 Spider Form              Tmut/Pois      19%        N/A       8%          3
 Death Channel            Necr           33%        N/A       10%         6
 Summon Mana Viper        Hex/Summ       48%        N/A       11%         5
 Yara's Violent Unravell  Hex/Tmut       24%        3d11      11%         5
 Starburst                Conj/Fire      31%        6d10      14%         6
 Summon Ice Beast         Ice/Summ       19%        N/A       24%         4
 Statue Form              Tmut/Erth      32%        N/A       52%         6
 Alistair's Intoxication  Tmut/Pois      12%        N/A       56%         5
 Spellforged Servitor     Conj/Summ      31%        N/A       61%         7
 Maxwell's Capacitive Co  Air            50%        ∞         65%         8
 Lehudib's Crystal Spear  Conj/Erth      39%        10d10     67%         8
 Storm Form               Tmut/Air       37%        N/A       83%         7
 Haunt                    Necr/Summ      24%        N/A       97%         7
 Infestation              Necr           33%        N/A       99%         8
 Dragon Form              Tmut           9%         N/A       100%        7
 Death's Door             Necr           33%        N/A       100%        9
 Fire Storm               Conj/Fire      31%        8d8       100%        9
 Animate Armour           Summ/Erth      Unusable   N/A       N/A         4

Dungeon Overview and Level Annotations

Branches:
Dungeon (15/15)            Temple (1/1) D:5            Lair (6/6) D:10
  Swamp (3/4) Lair:3       Spider (3/4) Lair:3        Slime (0/5) Lair:6
    Orc (2/2) D:9             Elf (2/3) Orc:2        Vaults (0/5) D:14
 Depths (0/4) D:15        Ossuary (visited)           IceCv (visited)
Volcano (visited)

Altars:
Ashenzari
Cheibriados
Dithmenos
Elyvilon
Fedhas
Gozag
Hepliaklqana
Kikubaaqudgha
Makhleb
Nemelex Xobeh
Okawaru
Qazlal
Ru
Sif Muna
Trog
Uskayaw
Vehumet
Wu Jian
Xom
Yredelemnul
Zin
The Shining One
Jiyva

Shops:
D:8 [[[:   D:11 ?   D:14 :   Orc:2 ((*(   Elf:1 [   Elf:2 =

Annotations:
D:12 1 transporter, Cheops's ghost, journeyman NaTm
Lair:6 1 runed translucent door
Spider:1 2 transporters, Zonian's ghost, adept DsIE
Elf:2 6 runed translucent doors, Soammui's ghost, adept MiBe


Innate Abilities, Weirdness & Mutations

You can breathe waves of freezing cold which knock back foes.
Your icy white scales are hard. (AC +9)
You cannot fit into any form of body armour.
Your flesh is cold resistant. (rC+)
You are cold-blooded and may be slowed by cold attacks.


Message History

* * * LOW HITPOINT WARNING * * *
Splash!
You fall into the toxic bog.
Moving in this stuff is going to be slow.
Casting: Iskenderun's Mystic Blast (safe; 1% risk of failure)
Confirm with . or Enter, or press ? or * to list all spells.
You feel a surge of power!
You create some ball lightning! 3 ball lightnings come into view.
You fester in the toxic bog!!
You are more poisoned.
* * * LOW HITPOINT WARNING * * *
You feel extremely sick.
Casting: Conjure Ball Lightning (dangerous; 1% risk of failure)
Confirm with . or Enter, or press ? or * to list all spells.
You erupt in a blast of force!
The mystic blast hits the swamp dragon!!
The swamp dragon is moderately wounded.
The swamp dragon is knocked back by the mystic blast.
The mystic blast hits the fenstrider witch.
The fenstrider witch is lightly wounded.
You fester in the toxic bog!
You are lethally poisoned!
* * * LOW HITPOINT WARNING * * *
x2 You feel extremely sick.
The fenstrider witch gestures at you while chanting.
You resist with significant effort.
Your ball lightning explodes!
The blast of lightning engulfs your ball lightning.
Your ball lightning completely resists.
The blast of lightning engulfs your ball lightning.
Your ball lightning completely resists.
The blast of lightning engulfs you. You resist.
* * * LOW HITPOINT WARNING * * *
The blast of lightning engulfs the fenstrider witch!!
The fenstrider witch is heavily wounded.
Your ball lightning explodes!
The blast of lightning engulfs your ball lightning.
Your ball lightning completely resists.
The blast of lightning engulfs you! You resist.
You die...

...≈. .≈≈≈≈≈≈≈≈
.≈!...≈..♣♣.≈≈≈≈≈≈≈
?...§≈...♣..≈≈§≈≈≈≈
♣♣.≈≈≈≈≈≈≈..≈≈≈≈≈≈≈.
≈..≈≈≈≈≈≈≈≈≈§≈≈§..$
♣≈≈≈≈≈≈.≈≈≈≈....≈♣
♣♣≈≈≈≈≈§≈≈[w≈)♣≈♣♣.
♣.≈≈§≈≈≈≈≈≈≈≈.♣♣♣♣♣
♣.≈≈≈≈*≈@≈§≈≈...≈[♣
♣.≈≈.≈§≈H≈.<.≈.≈≈≈§
♣...≈....≈<♣♣♣.≈≈.♣
≈..♣#####.♣♣♣ ♣♣>≈♣
.≈ #D♣ ♣♣♣ #≈♣ #≈♣
#≈♣ ≈D♣


You could see a swamp dragon, a fenstrider witch (ally target), a tyrant leech
and a friendly ball lightning.

Vanquished Creatures
  Jorgrun (Orc:1)
  A tentacled monstrosity (Swamp:2)
  An emperor scorpion (Spider:2)
  A ghost moth (Spider:2)
  A broodmother (Lair:3)
  A reaper (IceCv)
  An eleionoma (Swamp:1)
  A bunyip (Swamp:1)
  A deep elf annihilator (Elf:1)
  Snorg (Lair:3)
  Josephine (Orc:1)
  An ettin (D:15)
  A deep elf death mage (Elf:2)
  An ice dragon (D:14)
  11 hydras
  5 boulder beetles
  7 ogre magi
  A jorogumo (Spider:2)
  A catoblepas (Lair:6)
  4 centaur warriors
  32 two-headed ogres
  3 alligators
  15 dancing weapons
  A tengu warrior (D:15)
  8 death yaks
  A spriggan berserker (Swamp:2)
  Urug (Lair:5)
  9 deep elf knights
  Sonja (D:13)
  2 pharaoh ants
  3 skeletal warriors (D:13)
  3 steelbarb worms
  4 spriggan druids
  2 orb spiders
  4 goliath frogs
  2 swamp dragons
  A deep troll (D:15)
  3 bog bodies
  A phantasmal warrior (D:14)
  23 deep elf zephyrmancers
  2 wizards (D:15)
  9 deep elf archers
  A lindwurm (Lair:5)
  5 oklob plants
  An orc knight (Orc:1)
  A will-o-the-wisp (Swamp:3)
  34 deep elf pyromancers
  2 ugly things
  5 wolf spiders
  7 manticores
  3 cyclopes
  A guardian serpent (shapeshifter) (D:10)
  A molten gargoyle (Volcano)
  9 elephants
  Maurice (Orc:1)
  4 black mambas
  2 centaur zombies
  An ice statue (IceCv)
  6 gargoyles
  19 cane toads
  4 kobold demonologists
  A rime drake (Lair:1)
  4 torpor snails
  2 demonic crawlers
  2 entropy weaver simulacra (IceCv)
  17 komodo dragons
  2 ice devils (IceCv)
  A tengu conjurer (D:14)
  A queen bee (D:12)
  21 meliai
  A polar bear (shapeshifter) (D:14)
  10 trolls
  A bloated husk (Swamp:1)
  4 hornets
  3 polar bears
  10 tyrant leeches
  3 tarantellas
  A tarantella (shapeshifter) (Elf:1)
  13 blink frogs
  Prince Ribbit (D:8)
  2 air elementals
  4 spriggans
  14 jumping spiders
  6 wyverns
  A centaur simulacrum (D:15)
  7 wraiths
  2 culicivoras (Spider:1)
  A water elemental (Elf:1)
  4 shadows
  2 dire elephant simulacra (IceCv)
  4 basilisks
  68 yaks
  3 fire elementals
  A warg (Orc:1)
  2 steam dragons
  A redback (shapeshifter) (Elf:2)
  16 redbacks
  10 swamp worms
  16 vampire mosquitoes
  An acid dragon (D:13)
  11 water moccasins
  A swamp drake (Swamp:1)
  18 orc warriors
  An ice beast (D:7)
  A necrophage (D:3)
  35 ogres
  8 wolves
  6 centaurs
  5 kobold brigands
  19 bullfrogs
  A scorpion (D:6)
  A wyvern zombie (D:7)
  3 earth elementals (Elf:1)
  3 cane toad simulacra (IceCv)
  8 two-headed ogre simulacra (IceCv)
  A water moccasin zombie (D:3)
  32 killer bees
  10 wights
  4 elephant simulacra (IceCv)
  3 electric eels
  2 howler monkeys
  2 hounds
  4 jellies
  Crazy Yiuf (D:3)
  7 orc priests
  2 centaur skeletons
  2 gnoll shamans (D:6)
  4 iguanas
  Ijyb (D:4)
  21 orc wizards
  3 troll simulacra (IceCv)
  9 spriggan simulacra (IceCv)
  2 killer bee zombies
  A polar bear simulacrum (IceCv)
  4 wolf simulacra (IceCv)
  A hound skeleton (D:5)
  8 mummies (Ossuary)
  13 gnolls
  3 naga simulacra (IceCv)
  8 adders
  2 shadow imps
  25 white imps
  3 ufetubi (IceCv)
  2 worms
  11 dart slugs
  69 orcs
  8 ball pythons
  8 endoplasms
  3 giant cockroaches
  A gnoll zombie (Ossuary)
  15 goblins
  7 hobgoblins
  5 jackals
  20 kobolds
  5 quokkas
  5 bats
  2 frilled lizards
  4 hobgoblin zombies (Ossuary)
  2 kobold zombies (Ossuary)
  An orc zombie (Ossuary)
  3 rats
1013 creatures vanquished.

Vanquished Creatures (collateral kills)
  10 ball lightnings
10 creatures vanquished.

Vanquished Creatures (others)
  A kobold (D:13)
  177 ball lightnings
  10 foxfires (Swamp:3)
  278 fulminant prisms
  60 fungi
  153 plants
679 creatures vanquished.

Grand Total: 1702 creatures vanquished

Notes
Turn   | Place    | Note
-------+----------+-------------------------------------------
     0 | D:1      | pkoi the Draconian Conjurer began the quest for the Orb.
     0 | D:1      | Reached XP level 1. HP: 14/14 MP: 3/3
   249 | D:1      | Reached XP level 2. HP: 19/20 MP: 5/5
   278 | D:1      | Learned a level 2 spell: Searing Ray
   644 | D:1      | Found a faded altar of an unknown god.
   970 | D:1      | Reached XP level 3. HP: 26/26 MP: 6/6
  1543 | D:2      | Reached XP level 4. HP: 33/33 MP: 7/7
  1588 | D:2      | Learned a level 4 spell: Fulminant Prism
  2814 | D:3      | Reached XP level 5. HP: 38/38 MP: 9/9
  3265 | D:3      | Got the Guide on the Mutagenic Mountains
  3279 | D:3      | Noticed a necrophage
  3289 | D:3      | Killed a necrophage
  3290 | D:3      | Reached skill level 5 in Conjurations
  3290 | D:3      | Reached skill level 1 in Hexes
  3361 | D:3      | Reached XP level 6. HP: 41/45 MP: 5/10
  3565 | D:3      | Found a runed translucent door.
  3566 | D:3      | Noticed Crazy Yiuf
  3839 | D:4      | Your scales start taking on an icy white colour.
  3839 | D:4      | Reached XP level 7. HP: 21/50 MP: 8/12
  3839 | D:4      | Gained mutation: Your flesh is cold resistant. (rC+) [White
                  | Draconian growth]
  4542 | D:4      | Reached skill level 6 in Conjurations
  5566 | D:4      | Noticed Ijyb
  5569 | D:4      | Paralysed by Ijyb for 4 turns
  5584 | D:4      | Killed Ijyb
  5894 | D:5      | Entered Level 5 of the Dungeon
  6163 | D:5      | Reached XP level 8. HP: 57/57 MP: 14/14
  6301 | D:5      | Learned a level 5 spell: Iskenderun's Battlesphere
  6498 | D:5      | Found a staircase to the Ecumenical Temple.
  6507 | Temple   | Entered the Ecumenical Temple
  6911 | Temple   | Became a worshipper of Sif Muna the Loreminder
  7155 | D:5      | Reached skill level 7 in Conjurations
  8766 | D:6      | Learned a level 4 spell: Iskenderun's Mystic Blast
  9064 | D:6      | Reached skill level 5 in Spellcasting
  9064 | D:6      | Reached skill level 1 in Translocations
  9127 | D:6      | Reached skill level 5 in Dodging
  9127 | D:6      | Reached skill level 8 in Conjurations
  9178 | D:6      | Reached * piety under Sif Muna
  9712 | D:7      | Reached XP level 9. HP: 42/62 MP: 8/16
  9960 | D:7      | Found a sand-covered staircase.
  9969 | Ossuary  | Entered an ossuary
 10237 | Ossuary  | Reached ** piety under Sif Muna
 10648 | D:7      | Identified a scroll of acquirement
 10648 | D:7      | Acquired a staff of conjuration
 11332 | D:7      | Reached skill level 9 in Conjurations
 11956 | D:8      | Noticed Prince Ribbit
 11958 | D:8      | Killed Prince Ribbit
 12385 | D:8      | Found Fariec's Antique Armour Shop.
 12580 | D:8      | Reached skill level 10 in Conjurations
 12580 | D:8      | Reached XP level 10. HP: 69/69 MP: 14/19
 12820 | D:8      | Noticed a death yak
 13087 | D:8      | Found a bloodstained altar of Trog.
 13509 | D:7      | Killed a death yak
 13510 | D:7      | Reached skill level 5 in Translocations
 13814 | D:8      | Identified the +1 ring mail "Qyfierah" {Regen+ Dex+3}
 13906 | D:8      | Found Obakkit's Book Emporium.
 13912 | D:8      | Reached *** piety under Sif Muna
 14046 | D:8      | Found Quiv's Antique Armour Shoppe.
 14343 | D:8      | Found Fistro's Armour Shop.
 14542 | D:9      | Reached skill level 11 in Conjurations
 14580 | D:9      | Noticed a gargoyle
 14639 | D:9      | Killed a gargoyle
 14852 | D:9      | Noticed a two-headed ogre
 15280 | D:9      | Reached XP level 11. HP: 74/74 MP: 10/22
 15562 | D:9      | Killed a two-headed ogre
 15774 | D:9      | Found a staircase to the Orcish Mines.
 16231 | D:3      | Killed Crazy Yiuf
 16511 | D:10     | Entered Level 10 of the Dungeon
 16662 | D:10     | Reached skill level 12 in Conjurations
 17293 | D:10     | Reached **** piety under Sif Muna
 17521 | D:10     | Found a staircase to the Lair.
 18757 | D:11     | Noticed a boulder beetle
 18775 | D:11     | Found Lekeegorgh's Magic Scroll Boutique.
 19539 | D:11     | Reached skill level 13 in Conjurations
 19837 | D:11     | Killed a boulder beetle
 20278 | Lair:1   | Entered Level 1 of the Lair of Beasts
 20363 | Lair:1   | Reached XP level 12. HP: 81/81 MP: 8/24
 21072 | Lair:1   | Noticed an eight-headed hydra
 21080 | Lair:1   | Killed an eight-headed hydra
 21081 | Lair:1   | Reached skill level 1 in Invocations
 22523 | Lair:2   | Noticed a death yak
 22523 | Lair:2   | Noticed a death yak
 22528 | Lair:2   | Noticed a death yak
 22530 | Lair:2   | Noticed a death yak
 22538 | Lair:2   | Killed a death yak
 22538 | Lair:2   | Killed a death yak
 22539 | Lair:2   | Reached skill level 14 in Conjurations
 22541 | Lair:2   | Noticed a death yak
 22550 | Lair:2   | Killed a death yak
 22550 | Lair:2   | Killed a death yak
 22550 | Lair:2   | Killed a death yak
 22551 | Lair:2   | Reached skill level 5 in Hexes
 23251 | Lair:3   | Found a burning altar of Makhleb.
 23708 | Lair:3   | Noticed Snorg
 23929 | Lair:3   | Reached skill level 10 in Spellcasting
 23935 | Lair:3   | Reached skill level 5 in Invocations
 23957 | Lair:3   | Reached ***** piety under Sif Muna
 24041 | Lair:3   | Found a hole to the Spider Nest.
 24091 | Lair:3   | Noticed a boulder beetle
 24316 | Lair:3   | Killed Snorg
 24317 | Lair:3   | Reached XP level 13. HP: 86/86 MP: 17/27
 25084 | Lair:3   | Found a staircase to the Swamp.
 25836 | Lair:4   | Received a gift from Sif Muna
 25839 | Lair:4   | Got Sif Muna's Papyrus of Conjuration {god gift}
 25959 | Lair:4   | Found a dark tunnel.
 25968 | Volcano  | Entered a volcano
 26317 | Lair:4   | Learned a level 3 spell: Swiftness
 27204 | Lair:5   | Reached skill level 1 in Air Magic
 27229 | Lair:5   | Noticed Urug
 27546 | Lair:5   | Killed Urug
 29233 | Lair:6   | Entered Level 6 of the Lair of Beasts
 29251 | Lair:6   | Reached skill level 15 in Conjurations
 29887 | Lair:6   | Received a gift from Sif Muna
 29888 | Lair:6   | Got Sif Muna's Compendium of the Unstable Birds {god gift}
 29912 | Lair:6   | Reached XP level 14. HP: 93/93 MP: 15/29
 30965 | Lair:6   | Found a runed translucent door.
 30965 | Lair:6   | Found a viscous altar of Jiyva.
 30966 | Lair:6   | Noticed an azure jelly
 31066 | Lair:6   | Reached skill level 5 in Air Magic
 31194 | Lair:6   | Identified the ring "Qynnodgh" {+Blink Int+6 Dex+2 Stlth+}
 31270 | Lair:6   | Reached skill level 1 in Evocations
 31895 | Lair:6   | Noticed an azure jelly
 31902 | Lair:6   | Found a staircase to the Slime Pits.
 32664 | D:12     | Found a transporter.
 32666 | D:12     | Noticed Cheops's ghost (journeyman NaTm)
 32668 | D:12     | Identified the +10 great mace of Poener {vorpal, rN+}
 34096 | D:13     | Noticed Sonja
 34106 | D:13     | Killed Sonja
 34911 | D:8      | Bought a pair of boots for 99 gold pieces
 35077 | Swamp:1  | Entered Level 1 of the Swamp
 35091 | Swamp:1  | Reached XP level 15. HP: 99/99 MP: 14/30
 35696 | Swamp:1  | HP: 4/99 [seven-headed hydra[a spriggan druid] (10)]
 35953 | Orc:1    | Entered Level 1 of the Orcish Mines
 35955 | Orc:1    | Received a gift from Sif Muna
 35959 | Orc:1    | Noticed Maurice
 36144 | Orc:1    | Found a frozen archway.
 36155 | IceCv    | Entered an ice cave
 36469 | IceCv    | Got the Grimoire of Stones
 36479 | IceCv    | Learned a level 5 spell: Borgnjor's Vile Clutch
 37394 | IceCv    | Reached skill level 1 in Necromancy
 37705 | IceCv    | Reached skill level 1 in Earth Magic
 37878 | Orc:1    | Received a gift from Sif Muna
 37884 | Orc:1    | Killed Maurice
 37885 | Orc:1    | Reached skill level 16 in Conjurations
 37887 | Orc:1    | Got Sif Muna's Incunabulum of the Arsonist {god gift}
 38001 | Orc:1    | Learned a level 1 spell: Apportation
 38130 | Orc:1    | Noticed Josephine
 38271 | Orc:1    | Killed Josephine
 38829 | Orc:1    | Noticed Jorgrun
 38841 | Orc:1    | Killed Jorgrun
 39275 | Orc:2    | Entered Level 2 of the Orcish Mines
 39319 | Orc:2    | Reached skill level 5 in Evocations
 39329 | Orc:1    | Received a gift from Sif Muna
 39330 | Orc:1    | Got Sif Muna's Collected Works on Shifting Evil Arts {god
                  | gift}
 39402 | Orc:2    | Paralysed by an ogre mage for 3 turns
 39411 | Orc:2    | Reached skill level 10 in Dodging
 39666 | Orc:2    | Found a staircase to the Elven Halls.
 39918 | Orc:2    | Found Untuec's Antique Weapon Shoppe.
 39918 | Orc:2    | Found Buzagiq's Assorted Antiques.
 39920 | Orc:2    | Found Hapoan's Weapon Shop.
 39920 | Orc:2    | Found Sod Iqacsegh's Weapon Emporium.
 39927 | Orc:2    | Bought a polished dagger for 231 gold pieces
 39927 | Orc:2    | Identified the +5 dagger of Yeast {drain, Fragile rC++
                  | Str+3 SInv} (You bought it in a shop on level 2 of the
                  | Orcish Mines)
 39927 | Orc:2    | Bought an ichor-stained mace for 264 gold pieces
 39927 | Orc:2    | Identified the +10 mace of Somewhere Else {venom, *Rage
                  | rPois Str+6 Int+3} (You bought it in a shop on level 2 of
                  | the Orcish Mines)
 40514 | Orc:2    | Bought the +11 hand axe of the Nexus {elec, *Noise rPois
                  | rCorr Dex+2} for 1120 gold pieces
 40914 | Swamp:1  | Reached skill level 1 in Fighting
 41406 | Swamp:2  | Noticed a tentacled monstrosity
 41414 | Swamp:2  | Killed a tentacled monstrosity
 42866 | Swamp:2  | Reached skill level 5 in Necromancy
 42983 | Swamp:3  | Reached skill level 5 in Earth Magic
 43193 | Swamp:3  | Reached XP level 16. HP: 102/113 MP: 32/32
 43688 | Spider:1 | Entered Level 1 of the Spider Nest
 44813 | Spider:1 | Found a transporter.
 44815 | Spider:1 | Noticed Zonian's ghost (adept DsIE)
 45135 | Spider:1 | Found a transporter.
 46465 | Spider:2 | Received a gift from Sif Muna
 46907 | D:9      | Learned a level 7 spell: Orb of Destruction
 46914 | D:9      | Learned a level 6 spell: Conjure Ball Lightning
 49347 | Elf:1    | Entered Level 1 of the Elven Halls
 50095 | Elf:1    | Found Wotoxej's Antique Armour Shop.
 50771 | Elf:1    | Received a gift from Sif Muna
 50772 | Elf:1    | Got Sif Muna's Compendium of the Snowflakes and Evil Magic
                  | {god gift}
 51188 | Elf:1    | Reached XP level 17. HP: 96/119 MP: 15/33
 51490 | Elf:1    | Got Ginifed's Collected Works on Combat Magic
 52978 | Elf:2    | Received a gift from Sif Muna
 53190 | Elf:2    | Found Ramm's Jewellery Boutique.
 53584 | Elf:2    | Found a runed translucent door.
 53586 | Elf:2    | Noticed Soammui's ghost (adept MiBe)
 53602 | Elf:2    | Reached skill level 10 in Air Magic
 53686 | Elf:2    | Found a huge runed translucent gate.
 53686 | Elf:2    | Found a huge runed translucent gate.
 53688 | Elf:2    | Found a huge runed translucent gate.
 53688 | Elf:2    | Found a huge runed translucent gate.
 53689 | Elf:2    | Found a huge runed translucent gate.
 53938 | Elf:2    | Got Sif Muna's Reference Book on Damage Dealing and Stolen
                  | Souls {god gift}
 55356 | D:14     | Found Gimez's Self-Improvement Boutique.
 55674 | D:14     | Found a gate to the Vaults.
 55882 | D:15     | Entered Level 15 of the Dungeon
 55882 | D:15     | Found a blossoming altar of Fedhas.
 55939 | D:15     | Got the Guide on Ice and Hexes
 56403 | D:15     | Found a staircase to the Depths.
 58015 | Swamp:3  | HP: 4/119 [poison]
 58015 | Swamp:3  | HP: 1/119 [spore (3)]
 58015 | Swamp:3  | Killed by an exploding ball lightning

Illustrated notes

Levels and vault maps discovered:
D:1:      dpeg_arrival_water_temple_mockup, layout_loops_ring,
          hellmonk_ecumenical_altar_lost_god, minmay_quantized
D:2:      layout_rooms
D:3:      kennysheep_slugbush, layout_basic, uniq_crazy_yiuf_cottage
D:4:      kennysheep_goblin_castle, layout_rooms
D:5:      layout_basic, lemuel_temple_firewalk_a, serial_bayou_ford_a,
          minivault_19, hex_large, minmay_manual_mail
D:6:      layout_rooms
D:7:      layout_rooms, nicolae_ossuary_entry_ruins
D:8:      argonaut_augean_stables, layout_basic, trog_three_pillars_becter,
          serial_shops, shop, shop_statue, shop, nicolae_shop_hallway_plus,
          serial_rivers, chequers_serial_rivers_micro_d,
          chequers_serial_rivers_micro_a, chequers_serial_rivers_micro_c,
          chequers_serial_rivers_micro_e, uniq_prince_ribbit1
D:9:      layout_roguey, david_orc_4
D:10:     layout_basic, lair_entry_dummy
D:11:     layout_basic, serial_shops,
          nicolae_shop_temple_entry_statues_fountains
D:12:     layout_small_grid, gammafunk_ghost_smash, special_room
          [special_room_bee]
D:13:     layout_cave_pools, gauntlet_entry_generic, uniq_sonja
D:14:     layout_long_grid, david_vaults_4, minmay_misc_feat_encased,
          nicolae_shop_self_help
D:15:     hangedman_depths_entry_civil_slaughter, layout_loops_ring,
          fedhas_altar_1
Temple:   mainiacjoe_temple_trianglar_array
Lair:1:   layout_regular_city, st_stairs_7, grunt_megastairs_4,
          serial_bayou_shore_b
Lair:2:   layout_chaotic_city
Lair:3:   layout_roguey, swamp_mist_pool, spider_nest_entry_a,
          lemuel_oklob_altar, serial_bayou_shore_a, grunt_megastairs_2,
          uniq_snorg
Lair:4:   layout_cave_pods, enter_volcano_2, beast_lair_carwin_5,
          serial_bayou_shore_b, grunt_megastairs_1, lemuel_fruit_fields
Lair:5:   minmay_lair_oklob_chamber, layout_cellular_growth,
          serial_bayou_pond_d, worms_lemuel, uniq_urug
Lair:6:   minmay_lair_end_frog_pond, layout_cave_pods, slime_altar_2,
          grunt_forest_small_clearings, serial_bayou_crossing
Swamp:1:  layout_basic_swamp, serial_swamp_ruin, evilmike_swamp_ruin_house_6,
          hangedman_swamp_ruin_wall, evilmike_swamp_ruin_house_4,
          nicolae_swamp_round_clearing, swamp_pool1
Swamp:2:  layout_falls_marsh, hangedman_swamp_ruin_hall,
          infiniplex_staircase_pool_2
Swamp:3:  layout_basic_swamp, evilmike_swamp_ruin_rubble_1,
          nzn_swamp_weyward_sisters
Spider:1: layout_spider_delve, gammafunk_ghost_mausoleum
Spider:2: layout_chambers
Spider:3: layout_spider_delve, nicolae_spider_cling_halls
Orc:1:    layout_caves, portal_ice_cave_entry_imps, nicolae_orc_lava_room,
          uniq_josephine, uniq_jorgrun, uniq_maurice
Orc:2:    st_orc_ogre_mass, layout_caves
Elf:1:    eino_elf_arrival_sip, layout_loops_corners, serial_shops,
          nicolae_take_the_stairs, minmay_elf_annihilation,
          small_statue_intersection
Elf:2:    elven_hall_of_blades_hangedman_alternative [nicolae_blade_tridents],
          layout_gridlike, ebering_ghost_reflecting_pool, serial_shops,
          nicolae_shop_crystal, lemuel_elevator

Skill      XL: |  1  2  3  4  5  6  7  8  9 10 11 12 13 14 15 16 17 |
---------------+----------------------------------------------------+-----
Dodging        | 2 3 4 5 6 7 8 9 10 12 | 12.0
Stealth        | 2 3 |  3.0
Spellcasting   | 3 4 5 6 7 8 10 11 12 | 12.0
Conjurations   | 5 6 8 10 11 13 14 15 16 | 16.0
Hexes          | 1 2 3 5 7 8 9 |  9.0
Translocations | 2 4 5 6 |  6.0
Invocations    | 5 7 9 |  9.5
Air Magic      | 4 6 7 12 | 12.7
Evocations     | 3 6 |  6.0
Necromancy     | 5 8 9 |  9.0
Earth Magic    | 5 8 9 |  9.0
Fighting       | 2 3 |  3.0

Action                   |  1- 3 |  4- 6 |  7- 9 | 10-12 | 13-15 | 16-18 || total
-------------------------+-------+-------+-------+-------+-------+-------++-------
Melee: Dagger            |       |       |    18 |       |       |       ||    18
       Tailslap          |       |       |     2 |     4 |     1 |       ||     7
       Punch             |       |       |     1 |       |     1 |       ||     2
       Staff             |       |       |       |     7 |     7 |       ||    14
       Unarmed           |       |       |       |       |     3 |       ||     3
 Cast: Magic Dart        |    83 |   107 |   281 |   165 |   573 |    34 ||  1243
       Searing Ray       |       |     4 |    36 |     2 |       |     1 ||    43
       Iskenderun's Myst |       |       |    11 |   117 |   231 |   139 ||   498
       Fulminant Prism   |       |       |    10 |    74 |   132 |    63 ||   279
       Iskenderun's Batt |       |       |     4 |    26 |   120 |    10 ||   160
       Borgnjor's Vile C |       |       |       |       |     4 |    34 ||    38
       Conjure Ball Ligh |       |       |       |       |       |    82 ||    82
       Apportation       |       |       |       |       |       |     2 ||     2
       Orb of Destructio |       |       |       |       |       |    19 ||    19
Invok: Channel Magic     |       |       |       |       |     8 |     1 ||     9
 Abil: Breathe Frost     |       |       |     3 |     2 |     4 |     2 ||    11
Evoke: Wand              |       |       |       |       |     6 |     2 ||     8
  Use: Potion            |     2 |       |     2 |       |     2 |     1 ||     7
       Scroll            |     1 |       |    18 |     3 |     9 |     2 ||    33
 Stab: Sleeping          |       |       |       |       |     1 |       ||     1
Armor: Skin              |     2 |     9 |    34 |    23 |    64 |    47 ||   179
Dodge: Dodged            |     7 |    17 |    90 |    58 |   184 |   101 ||   457
